Unix NetHack Version 5.0.0-0 post-release - last build Jul 19 2026 19:10:59 (3aa4ab31751d3886436d94b585a96704892fd477,branch:main).

Game began 2026-07-29 07:10:33, ended 2026-07-29 07:41:00.

ChoHag, chaotic male human Ranger

                                                              ---
                                                      ---    --.--
                                             -----   |..------...|
                                           ---.|.--  |....--.....--
                                           ........| --...`.<--...|
                                           ........----....------.--
                                            .........`.....|    |..|
                                             ........--....|    --.---
                                              --.@......----     |...|
                                               |G.---.---        |...|
                                                -.| ---          |...-----
                                                                 |.......|
                                                                 -----.-.|
                                                                   --|...---
                                                                ----.---...|
                                                                |..........|
                                                                --....---.--
                                                                 --.--  ---
                                                                  ---

ChoHag the Tenderfoot        St:15 Dx:10 Co:13 In:16 Wi:14 Ch:7  Chaotic S:340
Dlvl:5  $:80 HP:0(15) Pw:2(2) AC:5  Xp:1/15 T:1706 

Latest messages:
 Bobik misses the gnome lord.
 A thonged club misses you.
 The thonged club returns to its hand!
 Bobik bites the gnome lord.
 The gnome lord hits Bobik.
 You hear some noises.
 Bobik bites it.
 Bobik misses it.
 You are hit by a thonged club.
 Bobik bites it.
 It misses Bobik.
 You hear some noises in the distance.
 A thonged club misses you.
 You hear some noises.
 You are hit by a thonged club.
 A thonged club misses you.
 You are almost hit by a thonged club.
 Something is written here in the dust.
 You read: "l?creth".
 There is nothing here to pick up.
 You hear some noises in the distance.
 You hear some noises.
 Bobik picks up a burnt hooded cloak.
 Bobik misses the gnome lord.
 Pick a monster, object or location.
 G        a gnome (peaceful gnome lord)
 You see here a yellow gem.
 M - a yellow gem.
 N - a rusty dagger.
 O - a green gem.
 Bobik drops a burnt hooded cloak.
 Bobik misses the gnome lord.
 Pick a monster, object or location.
 )        a weapon (11 arrows)
 It bites the gnome lord.
 The gnome lord is killed!
 P - a blue gem.
 Pick a monster, object or location.
 [        a suit or piece of armor (a burnt hooded cloak)
 You see here a burnt hooded cloak.
 A thonged club misses you.
 You are hit by a thonged club!
 There is nothing here to pick up.
 In what direction? b
 You reach out your arms and grab the gnome king.
 The gnome king is carrying too much for you to lift.
 You try to reach out your arms, but the gnome king backs away skeptically.
 The gnome king swings his thonged club.
 The gnome king hits!
 You die...

Inventory:
 Coins    ('$')
  $ - 80 gold pieces
 Weapons  (')')
  a - 2 +1 daggers (wielded)
  b - a +1 bow (alternate weapon; not wielded)
  c - 53 +2 arrows
  d - 45 +0 arrows (in quiver)
  g - a +0 two-handed sword
  i - 2 +0 orcish daggers
  t - a cursed -1 silver dagger
  L - 7 +0 darts
  N - a rusty +0 dagger
 Armor    ('[')
  e - an uncursed +2 cloak of displacement (being worn)
  A - a blessed +0 orcish helm (being worn)
  F - an uncursed +0 shield of drain resistance (being worn)
 Comestibles  ('%')
  f - 5 uncursed cram rations
  u - an uncursed tin of pickled newt meat
  B - 2 uncursed oranges
  C - an uncursed food ration
 Scrolls  ('?')
  h - 2 uncursed scrolls of identify
  o - an uncursed scroll of enchant armor
  I - an uncursed scroll of genocide
 Potions  ('!')
  k - an uncursed potion of water
  l - an uncursed potion of restore ability
  m - an uncursed potion of healing
  p - a cursed potion of invisibility
  w - an uncursed potion of full healing
  x - an uncursed potion of gain energy
  E - an uncursed potion of oil
 Tools    ('(')
  s - an uncursed blindfold
  z - a cursed wooden flute
  K - an uncursed mirror
 Gems/Stones  ('*')
  j - an uncursed worthless piece of black glass
  n - an uncursed garnet stone
  H - an uncursed sapphire
  M - an uncursed worthless piece of yellow glass
  O - an uncursed worthless piece of green glass
  P - an uncursed worthless piece of blue glass

ChoHag the Ranger's attributes:

Background:
 You were a Tenderfoot, a level 1 male human Ranger.
 You were chaotic, nominally on a mission for Mars
 who was opposed by Mercury (lawful) and Venus (neutral).
 You were right-handed.
 You were in the Gnomish Mines, on level 5.
 You entered the dungeon 1706 turns ago.
 There was a full moon in effect when your adventure ended.
 You had 15 experience points, 5 more were needed to attain level 2.
 Your score was 340 before end-of-game adjustments.

Basics:
 You had 0 out of 15 hit points.
 You had both energy points (spell power).
 Your armor class was 5.
 Your wallet contained 80 zorkmids.
 Autopickup was on for '$!/?"+=' plus thrown.

Final Characteristics:
 Your strength was 15 (limit:18/100).
 Your dexterity was 10 (limit:18).
 Your constitution was 13 (limit:18).
 Your intelligence was 16 (limit:18).
 Your wisdom was 14 (limit:18).
 Your charisma was 7 (limit:18).

Final Status:
 You weren't hungry.
 You were unencumbered.
 You were wielding daggers.
 You had basic skill with dagger.

Final Attributes:
 You were devoutly aligned.
 You were level-drain resistant.
 You had automatic searching.
 You were displaced.
 You were warded.
 You were lucky.
 You are dead.

Miscellaneous:
 You didn't encounter any bones levels.
 Total elapsed playing time was 30 minutes and 26 seconds.

Major events:
 Turn
    1: ChoHag the chaotic male human Ranger entered the dungeon
 1402: entered the Gnomish Mines
 1706: killed by a gnome king

You didn't know any spells.

Skills:
 Fighting Skills
   bare handed combat [Unskilled]
   riding             [Unskilled]
 Weapon Skills
   dagger             [Basic]
   knife              [Unskilled]
   axe                [Unskilled]
   pick-axe           [Unskilled]
   short sword        [Unskilled]
   morning star       [Unskilled]
   flail              [Unskilled]
   hammer             [Unskilled]
   quarterstaff       [Unskilled]
   polearms           [Unskilled]
   spear              [Unskilled]
   trident            [Unskilled]
   bow                [Basic]
   sling              [Unskilled]
   crossbow           [Unskilled]
   dart               [Unskilled]
   shuriken           [Unskilled]
   boomerang          [Unskilled]
   whip               [Unskilled]
 Spellcasting Skills
   healing spells     [Unskilled]
   divination spells  [Unskilled]
   escape spells      [Unskilled]

Voluntary challenges:
 Character rerolling was not enabled.
 You were an atheist.
 You never genocided any monsters.
 You never polymorphed an object.
 You never changed form.
 You used no wishes.
Achievements:
 You entered a shop.
 You entered the Gnomish Mines.

 The Dungeons of Doom: levels 1 to 5
    Level 1: "vault 735"
    Level 2:
       A vegetarian food shop, a fountain.
    Level 3: "vault"
       A fountain.
    Level 4:
       A general store.
       Stairs down to The Gnomish Mines.
    Level 5:
 The Gnomish Mines:
    Level 5: <- You were here.
       Final resting place for
          you, killed by a gnome king.


Vanquished creatures:
  a gnome leader
  a dwarf
  2 acid blobs
  2 hobbits
  a cave spider
  a red mold
  8 gnomes
  8 jackals
  3 goblins
  2 sewer rats
  4 grid bugs
  a lichen
  3 kobold zombies
  3 newts
40 creatures vanquished.

No species were genocided or became extinct.

Game over:
                       ----------
                      /          \
                     /    REST    \
                    /      IN      \
                   /     PEACE      \
                  /                  \
                  |      ChoHag      |
                  |      80 Au       |
                  |   killed by a    |
                  |    gnome king    |
                  |                  |
                  |                  |
                  |       2026       |
                 *|     *  *  *      | *
        _________)/\\_//(\/(/\)/\//\/|_)_______

Goodbye ChoHag the Ranger...

You died in The Gnomish Mines on dungeon level 5 with 332 points,
and 80 pieces of gold, after 1706 moves.
You were level 1 with a maximum of 15 hit points when you died.

